Map: Frozen Temple

Players

IIIIIIIIII

  • Race: Protoss Protoss
  • League: Master

Miszu - Winner!

  • Race: Terran Terran
  • League: Grandmaster

VOD

Have the link to the VOD?

Description

Time

  • Played on: May 18, 2016, 1:36 p.m.
  • Length: 12:14
Show
View Real Time Build Order
Export as new Build Order

IIIIIIIIII Protoss 

Build Orders: 1 Gate Expand, Dark Templar Rush 

Get SALT Encoding   

  12  0:01  Probe (Chrono Boost)  
  13  0:11  Probe (Chrono Boost)  
  14  0:17  Pylon  
  14  0:22  Probe (Chrono Boost)  
  15  0:36  Probe (Chrono Boost)  
  15  0:37  Gateway  
  15  0:42  Assimilator  
  16  0:46  Probe (Chrono Boost)  
  18  0:57  Probe (Chrono Boost)  
  18  1:07  Probe (Chrono Boost)  
  19  1:18  Probe (Chrono Boost)  
  20  1:25  Nexus  
  20  1:34  Cybernetics Core  
  20  1:35  Probe (Chrono Boost)  
  21  1:43  Assimilator  
  21  1:45  Probe (Chrono Boost)  
  22  1:54  Pylon  
  22  1:56  Probe (Chrono Boost)  
  23  2:12  Adept (Chrono Boost), Warp Gate, Probe (Chrono Boost)  
  26  2:22  Robotics Facility  
  26  2:24  Probe  
  26  2:28  Pylon  
  27  2:36  Probe (Chrono Boost)  
  28  2:39  Probe (Chrono Boost)  
  29  2:47  Twilight Council, Probe (Chrono Boost)  
  29  2:50  Probe (Chrono Boost)  
  31  2:57  Pylon  
  31  2:58  Probe (Chrono Boost)  
  31  3:04  Probe (Chrono Boost)  
  33  3:09  Mothership Core (Chrono Boost)  
  35  3:19  Probe (Chrono Boost)  
  36  3:28  Probe (Chrono Boost)  
  36  3:29  Probe (Chrono Boost)  
  36  3:31  Dark Shrine  
  36  3:37  Gateway x2  
  36  3:38  Probe (Chrono Boost)  
  36  3:40  Probe (Chrono Boost)  
  38  3:42  Assimilator  
  38  3:45  Assimilator  
  38  3:50  Warp Prism (Chrono Boost)  
  38  3:53  Probe  
  38  3:54  Probe  
  41  3:59  Pylon  
  42  4:05  Probe  
  42  4:06  Probe  
  44  4:17  Adept, Probe x2  
  44  4:22  Observer (Chrono Boost)  
  49  4:29  Probe  
  50  4:34  Adept x2, Probe  
  55  4:41  Pylon  
  55  4:42  Probe  
  55  4:43  Observer (Chrono Boost)  
  57  4:47  Dark Templar  
  59  4:56  Probe  
  59  4:57  Probe  
  61  5:03  Dark Templar x2  
  65  5:09  Nexus  
  61  5:38  Probe  
  61  5:39  Dark Templar  
  61  5:40  Probe  
  69  5:43  Immortal (Chrono Boost)  
  69  5:45  Forge x2  
  69  5:52  Pylon  
  69  6:04  Probe  
  67  6:05  Probe  
  67  6:07  Gateway  
  67  6:09  Gateway  
  69  6:11  Gateway  
  69  6:13  Pylon  
  69  6:15  Dark Templar  
  69  6:16  Sentry  
  69  6:17  Sentry  
  73  6:18  Pylon  
  73  6:20  Pylon  
  73  6:21  Protoss Ground Armor Level 1 (Chrono Boost)  
  73  6:24  Probe  
  73  6:25  Protoss Ground Weapons Level 1 (Chrono Boost), Probe  
  75  6:29  Pylon  
  75  6:30  Probe  
  76  6:32  Pylon  
  76  6:33  Immortal (Chrono Boost)  
  76  6:35  Probe  
  76  6:38  Blink (Chrono Boost)  
  81  6:40  Probe  
  81  6:44  Dark Templar  
  84  6:55  Stalker x2  
  84  7:11  Probe x2  
  84  7:13  Probe  
  87  7:23  Probe x2  
  83  7:32  Adept  
  83  7:33  Adept x2  
  83  7:37  Pylon  
  84  7:57  Stalker  
  84  7:58  Stalker x5  
  87  8:22  Probe  
  87  8:23  Probe  
  87  8:26  Stalker  
  89  8:27  Stalker x2  
  90  8:37  Protoss Ground Armor Level 2 (Chrono Boost)  
  90  8:40  Resonating Glaives  
  89  8:46  Photon Cannon  
  89  8:48  Sentry x2  
  93  8:53  Pylon  
  93  8:57  Pylon  
  93  9:14  Nexus  
  91  9:17  Pylon, Photon Cannon  
  91  9:20  Adept x6  
  103  9:32  Gateway x2  
  95  9:57  Stalker x2  
  95  9:58  Stalker  
  101  10:15  Pylon  
  101  10:18  Pylon  
  101  10:19  Robotics Facility  
  101  10:22  Pylon  
  101  10:34  Dark Templar x3  
  107  10:46  Adept x3  
  96  11:07  Nexus  
  96  11:09  Pylon  
  96  11:12  Pylon  
  89  11:19  Probe  
  89  11:21  Probe  
  91  11:26  Templar Archives  
  91  11:30  Photon Cannon, Probe  
  92  11:32  Photon Cannon  
  92  11:33  Probe  
  93  11:44  Adept  
  95  11:49  Stalker x4  
  95  11:52  Sentry x2  
Show
View Real Time Build Order
Export as new Build Order

Miszu Terran - Winner!

Build Orders: MMM Bio 

Get SALT Encoding   

  12  0:00  SCV  
  13  0:13  SCV  
  14  0:18  Supply Depot  
  14  0:25  SCV  
  15  0:39  SCV  
  16  0:43  Barracks  
  16  0:51  SCV  
  17  1:03  SCV  
  18  1:18  Command Center  
  18  1:29  Orbital Command  
  18  1:30  Marine  
  19  1:47  Barracks  
  19  1:48  Marine  
  20  1:55  SCV  
  20  1:56  Barracks  
  21  2:06  Marine  
  21  2:07  SCV  
  23  2:22  Refinery x2  
  23  2:29  Marine  
  23  2:30  SCV, Orbital Command  
  23  2:34  Marine  
  26  2:43  Marine  
  27  2:44  SCV  
  27  2:47  Marine  
  29  2:53  Barracks Tech Lab  
  29  2:54  Supply Depot  
  29  2:56  SCV x2  
  31  3:01  Marine  
  32  3:09  SCV  
  32  3:11  Marine  
  32  3:12  Marine, Stimpack  
  35  3:19  Marine  
  36  3:23  SCV  
  36  3:25  SCV  
  37  3:29  Marine  
  37  3:30  Marine  
  39  3:35  SCV  
  39  3:36  Marine  
  39  3:37  Supply Depot, Factory, SCV  
  42  3:47  Marine x2  
  42  3:48  SCV  
  45  3:50  Refinery  
  45  3:51  Engineering Bay  
  45  3:54  Marine  
  46  4:02  Supply Depot  
  46  4:03  SCV  
  46  4:05  SCV  
  46  4:06  Marauder  
  50  4:10  Marine  
  50  4:15  SCV  
  52  4:17  SCV  
  52  4:18  Terran Infantry Weapons Level 1  
  53  4:25  Starport, Factory Reactor  
  53  4:28  Barracks Reactor  
  53  4:29  Barracks Tech Lab  
  53  4:31  SCV  
  53  4:32  SCV  
  53  4:38  Marauder  
  57  4:45  Missile Turret  
  57  4:47  Missile Turret  
  57  4:53  SCV  
  57  4:54  SCV  
  57  4:56  Marauder  
  61  5:05  SCV  
  62  5:08  Factory Reactor  
  62  5:13  Supply Depot, SCV  
  62  5:14  Medivac x2  
  62  5:17  Missile Turret  
  62  5:18  SCV  
  67  5:24  Missile Turret  
  67  5:25  SCV  
  66  5:34  Marauder  
  67  5:41  SCV x2  
  69  5:43  Missile Turret  
  69  5:46  Widow Mine x2  
  73  5:53  SCV x2  
  75  6:01  Supply Depot  
  75  6:02  Supply Depot  
  74  6:05  SCV  
  75  6:14  Medivac  
  75  6:15  SCV  
  78  6:22  Medivac  
  80  6:25  Command Center  
  80  6:28  Barracks Tech Lab  
  80  6:30  Marine  
  80  6:32  Combat Shields  
  81  6:36  Refinery  
  81  6:40  SCV x2  
  83  6:52  SCV  
  82  6:55  SCV  
  75  7:09  Marine  
  75  7:10  Marauder x2  
  75  7:11  Marine  
  75  7:12  Medivac x2  
  85  7:17  Barracks  
  85  7:18  Supply Depot, Terran Infantry Armor Level 1, Barracks  
  85  7:19  Supply Depot  
  85  7:27  Marine  
  86  7:32  Marauder  
  88  7:39  Marauder  
  88  7:41  Marine  
  91  7:45  Marine  
  92  7:54  Marauder, Orbital Command  
  90  7:59  Marine  
  90  8:01  Marauder  
  90  8:03  Marine  
  90  8:04  Medivac  
  90  8:05  Medivac  
  97  8:15  Marauder  
  97  8:16  Marine  
  97  8:19  Marine  
  96  8:21  Marine  
  96  8:22  Marauder  
  96  8:25  Marine  
  97  8:29  SCV x2  
  97  8:33  Concussive Shells  
  95  8:34  Marine  
  95  8:37  Marauder  
  95  8:39  Marine  
  98  8:43  Medivac x2  
  98  8:44  Marauder  
  98  8:47  Barracks Tech Lab  
  104  8:51  Barracks Reactor  
  104  8:52  Marine, Orbital Command  
  104  8:58  Marauder  
  104  8:59  Marine  
  104  9:02  Supply Depot  
  105  9:05  Marauder  
  105  9:06  Marauder  
  109  9:10  Marine  
  109  9:11  Widow Mine  
  109  9:17  Missile Turret  
  110  9:18  Marine  
  110  9:19  Marauder  
  110  9:22  SCV  
  114  9:27  Marauder  
  114  9:30  SCV  
  117  9:33  Marine  
  117  9:34  Marauder  
  113  9:48  Marauder x2  
  113  9:49  Medivac x2  
  121  9:54  Marine  
  121  9:55  Marine x3, Marauder  
  124  10:09  Marauder  
  124  10:10  Marauder  
  128  10:17  Marine x3, Marauder  
  133  10:40  Marine x2, Widow Mine  
  133  10:41  Marauder x2  
  133  10:42  Supply Depot, Engineering Bay  
  141  10:43  Supply Depot  
  141  10:46  Armory  
  141  10:53  Widow Mine  
  141  10:56  Marauder  
  134  11:05  Marine  
  134  11:06  Marine x4  
  134  11:10  Marine  
  134  11:11  Medivac x2  
  142  11:27  Marine x2  
  142  11:28  Marauder  
  146  11:34  Supply Depot, Marauder  
  146  11:35  Supply Depot, Marauder  
  146  11:38  Marine x2  
  152  11:45  Marine, SCV x2  
  152  11:46  Barracks x2  
  152  11:47  Barracks, SCV  
  156  11:52  Marine  
  157  11:55  Marine  
  157  11:57  SCV x2  
Tags
 
Add a new tag
Caveats
  • Supply blocks, unpowered buildings, or Contaminate may cause inaccurate times.
  • Supply counts are checked every 10 seconds.